[Event "Live Chess"]
[Site "Chess.com"]
[Date "2023.05.20"]
[Round "-"]
[White "KeithArkell"]
[Black "Singapourfeuj"]
[Result "1-0"]
[WhiteElo "2615"]
[BlackElo "2238"]
[TimeControl "300"]
[EndTime "13:36:20 PDT"]
[Termination "KeithArkell won by resignation"]

1. d4 Nf6 2. Nf3 g6 3. c4 Bg7 4. g3 O-O 5. Bg2 d6 6. Nc3 a6 7.
O-O Nbd7 8. d5 e5 9. dxe6 fxe6 10. h3 e5 11. Ng5 Nc5 12. Bd5+ Kh8 13. b4 h6 14. bxc5 hxg5 15. Bxg5 dxc5 16. Bg2 c6 17. Qxd8 Rxd8 18. Ne4 Rf8 19. Nxf6 Bxf6 20. Bxf6+ Rxf6 21. Rfd1 Be6 22. Rab1 Rb8 23. Bxc6 Bxc4 24. Rxb7 Rxb7 25. Bxb7 Bxe2 26. Rc1 Rb6 27. Bd5 c4 28. Rc2 Bd3 29. Rc3 Rb1+ 30. Kg2 Bf1+ 31. Kf3 Rb2 32. Bxc4 Bxh3 33.
Bb3 Bf5 34. Rc6 a5 35. Rc5 a4 36. Bxa4 e4+ 37. Ke3 Rxa2 38. Bc2 Kg7 39. Rc4 Ra3+ 40. Ke2 Bg4+ 41. Kd2 Rf3 42. Ke1 Bf5 43. Bxe4 Bxe4 44. Rxe4 Ra3 45. Re5 Kf6 46. Rd5 Ra2 47. Kf1 Rb2 48. Kg2 Ra2 49. Kf3 Rb2 50. Ke3 Ra2 51.
f3 g5 52. Rd6+ Kg7 53. Ke4 Ra3 54. Rd3 Ra4+ 55. Kf5 Ra5+ 56. Kg4 Kg6 57. Rd6+ Kg7 58. Re6 Kf7 59. Rh6 Kg7 60. Rd6 Kf7 61. Kh5 Kg7 62.
Rg6+ Kf7 63. Rxg5 Ra3 64. f4 Ra1 65. Kg4 Kf6 66. Rf5+ Kg6 67. Rc5 Ra6 68. Rh5 Ra3 69. f5+ Kf6 70. Rh6+ Ke5 71. Re6+ Kd5 72. Re8 Ra4+ 73.
Kg5 Ra3 74. g4 Rg3 75. f6 Rf3 76. Kg6 Kd6 77. f7 1-0

[Event "Live Chess"]
[Site "Chess.com"]
[Date "2023.05.20"]
[Round "-"]
[White "DmitryVasliev"]
[Black "1600x"]
[Result "0-1"]
[WhiteElo "1668"]
[BlackElo "1793"]
[TimeControl "300"]
[EndTime "13:36:41 PDT"]
[Termination "1600x won by resignation"]

1. d4 d5 2. Bf4 Nf6 3. e3 Ne4 4. Nd2 e5 5. Bxe5 h5 6. Nxe4 dxe4 7. h3 c6 8. c3 Nd7 9. Bh2 Nf6 10. Be2 Bd6 11. Bxd6 Qxd6 12. a3 Qc7 13. Qd2 Be6 14.
c4 Rd8 15. Qc3 O-O 16. Bd1 b5 17. cxb5 Rd6 18. Ne2 Rb8 19. a4 Nd5 20. Qc2 Qa5+ 21. Kf1 cxb5 22. Qxe4 f5 23. Qe5 Qd8 24. a5 Ne7 25.
Nf4 Nc6 26. Qc5 Bc4+ 27. Be2 Ne7 28. Bxc4+ bxc4 29. Qxc4+ Nd5 30. Ra2 Rc8 31. Qb3 Rc1+ 32. Ke2 Rxh1 33. Nxh5 Rg1 34. Nf4 Kh7 35. Nxd5 Rxd5 36.
g3 Qd6 37. Qd3 Qh6 38. h4 Qh5+ 39. Kd2 Rd1+ 0-1

[Event "Live Chess"]
[Site "Chess.com"]
[Date "2023.05.20"]
[Round "-"]
[White "Delacorta"]
[Black "FlyingChessKestrel13"]
[Result "0-1"]
[WhiteElo "1423"]
[BlackElo "2105"]
[TimeControl "300"]
[EndTime "13:36:43 PDT"]
[Termination "FlyingChessKestrel13 won by resignation"]

1. d4 c5 2. dxc5 e5 3. e4 Bxc5 4. Nf3 d6 5. Bc4 Nf6 6. Bxf7+ Kxf7 7. Ng5+ Kf8 8. Qf3 Qe7 9. Bd2 h6 10. Nh3 Bg4 11. Qb3 Bxh3 12. gxh3 Nbd7 13. Rg1 Rb8 14.
Na3 Nxe4 15. Qf3+ Qf6 16. Qxf6+ Ndxf6 0-1

[Event "Live Chess"]
[Site "Chess.com"]
[Date "2023.05.20"]
[Round "-"]
[White "trekker123"]
[Black "Duke_of_Bebington"]
[Result "1-0"]
[WhiteElo "2087"]
[BlackElo "1577"]
[TimeControl "300"]
[EndTime "13:36:46 PDT"]
[Termination "trekker123 won by resignation"]

1. e4 e5 2. Bc4 Nf6 3. d3 Nc6 4. Nf3 Bc5 5. O-O O-O 6. c3 Na5 7. Nxe5 d6 8. Nxf7 Qe7 9. Nxd6+ Kh8 10. Nxc8 Raxc8 11. Bb3 Nxb3 12. axb3 Qe6 13. Be3 Bxe3 14. fxe3 1-0

[Event "Live Chess"]
[Site "Chess.com"]
[Date "2023.05.20"]
[Round "-"]
[White "EdenHazard8"]
[Black "OSmith06"]
[Result "0-1"]
[WhiteElo "2070"]
[BlackElo "1667"]
[TimeControl "300"]
[EndTime "13:36:48 PDT"]
[Termination "OSmith06 won by resignation"]

1. e4 c6 2. d4 d5 3. e5 c5 4. dxc5 Nc6 5. f4 Nh6 6. c3 a6 7. Be3 Nf5 8. Bf2 e6 9. b4 Be7 10. Nf3 O-O 11. Nbd2 d4 12. cxd4 Ncxd4 13. Nxd4 Nxd4 14.
Nf3 Nxf3+ 15. Qxf3 Qc7 16. Bd3 Rd8 17. O-O Bd7 18.
Be4 Rab8 19. Rfd1 Bb5 20. a4 Rxd1+ 21. Qxd1 Rd8 22. Qc2 Be8 23. Bxh7+ Kh8 24. Be4 f6 25. Qc3 f5 26. Bf3 b6 27. Rc1 bxc5 28. Bxc5 Bxa4 29.
Bxe7 Qxe7 30. Qc5 Qd7 31. Bc6 Bxc6 32. Qxc6 Qd4+ 33. Kf1 Qxf4+ 34. Ke1 Qxb4+ 35. Kf1 Qf4+ 36. Ke1 Qxe5+ 37. Kf1 Qb5+ 38. Qxb5 axb5 39. Rb1 Rb8 40. Ke2 g5 41. Kd3 Kg7 42. Kd4 Kf6 43. g3 e5+ 44.
Kc5 b4 45. Rxb4 Rxb4 46. Kxb4 f4 47. Kc3 fxg3 48. hxg3 Kf5 49. Kd3 Kg4 50. Ke4 Kxg3 51. Kxe5 Kf3 52. Kf5 g4 0-1

[Event "Live Chess"]
[Site "Chess.com"]
[Date "2023.05.20"]
[Round "-"]
[White "rideuv21"]
[Black "f4nomore"]
[Result "1-0"]
[WhiteElo "1814"]
[BlackElo "1378"]
[TimeControl "300"]
[EndTime "13:36:55 PDT"]
[Termination "rideuv21 won on time"]

1. e4 g6 2. d4 Bg7 3. Nf3 d6 4. Bc4 Nf6 5. Nc3 O-O 6. Bb3 e6 7. O-O c6 8. Qe2 d5 9. e5 Nfd7 10. Bg5 Qe8 11. Qd2 f6 12. Bh6 fxe5 13. Nxe5 Nxe5 14. dxe5 Qf7 15. Bxg7 Qxg7 16. f4 Nd7 17.
Ne2 c5 18. c4 d4 19. Rad1 a5 20. a4 Nb8 21. Ng3 Nc6 22. Ne4 Bd7 23. Nf6+ Rxf6 24.
exf6 Qxf6 25. Rfe1 Rf8 26. g3 Nb4 27. Qe2 Qf5 28.
Qe5 Qh3 29. Qd6 Bc6 30. Qxe6+ Kg7 31. Qe5+ Rf6 32. Rd2 Nd3 33. Qc7+ Kh6 34. Red1 Bf3 35. Rf1 Be4 36. Bc2 Rc6 37. Qe7 Bf5 38. Bxd3 Re6 39. Qg5+ Kg7 40. Bxf5 1-0

[Event "Live Chess"]
[Site "Chess.com"]
[Date "2023.05.20"]
[Round "-"]
[White "smoggyrabbit"]
[Black "Horseymobile"]
[Result "1-0"]
[WhiteElo "1681"]
[BlackElo "1230"]
[TimeControl "300"]
[EndTime "13:37:08 PDT"]
[Termination "smoggyrabbit won by checkmate"]

1. d4 Nf6 2. Nf3 g6 3. e3 Bg7 4.
Be2 O-O 5. O-O Nc6 6. b3 d6 7. Bb2 e6 8. c4 Bd7 9. Nbd2 Re8 10. e4 e5 11. d5 Ne7 12. Ne1 Bc8 13. f4 exf4 14.
Rxf4 Nd7 15. Bxg7 Kxg7 16. Bg4 Ne5 17. Bxc8 Rxc8 18. Nef3 Nd3 19. Rh4 f5 20. Ng5 Ng8 21.
Rxh7+ Kf6 22. Ndf3 fxe4 23. Rf7# 1-0

[Event "Live Chess"]
[Site "Chess.com"]
[Date "2023.05.20"]
[Round "-"]
[White "Bill0007"]
[Black "Greenbecker"]
[Result "0-1"]
[WhiteElo "1478"]
[BlackElo "1639"]
[TimeControl "300"]
[EndTime "13:37:12 PDT"]
[Termination "Greenbecker won by resignation"]

1. d4 d5 2. Nc3 Nf6 3. Bf4 c6 4. e3 Bf5 5. f3 e6 6. g4 Bg6 7. h4 h5 8. g5 Nfd7 9. Nh3 c5 10. Ne2 cxd4 11. Nxd4 e5 12. Bg3 exd4 13. Qxd4 Qb6 14. O-O-O Qxd4 15. Rxd4 Nb6 16. Bb5+ N8d7 17. Nf4 Bc5 18. Bxd7+ Kxd7 19. Rxd5+ Nxd5 20. Nxd5 Kc6 21. Rd1 Rad8 22. e4 Rhe8 23. b3 f5 24. gxf6 gxf6 25.
Nxf6 Be3+ 0-1

[Event "Live Chess"]
[Site "Chess.com"]
[Date "2023.05.20"]
[Round "-"]
[White "howitzer14"]
[Black "Richardallis"]
[Result "1-0"]
[WhiteElo "2903"]
[BlackElo "1895"]
[TimeControl "300"]
[EndTime "13:37:22 PDT"]
[Termination "howitzer14 won by resignation"]

1. d4 c5 2. d5 d6 3. Nc3 e5 4. e4 a6 5. a4 Nf6 6. Nf3 Be7 7. Be2 O-O 8. Nd2 Bd7 9. O-O h6 10. Nc4 b6 11. f4 exf4 12. Bxf4 Bc8 13. Kh1 Qc7 14. e5 1-0

[Event "Live Chess"]
[Site "Chess.com"]
[Date "2023.05.20"]
[Round "-"]
[White "ameetghasi100"]
[Black "Pablo_dmp"]
[Result "1-0"]
[WhiteElo "2686"]
[BlackElo "1881"]
[TimeControl "300"]
[EndTime "13:37:23 PDT"]
[Termination "ameetghasi100 won by resignation"]

1. e4 c6 2. Nf3 d5 3. Nc3 dxe4 4. Nxe4 Nf6 5. Bd3 Nbd7 6. Qe2 e6 7. Neg5 Bd6 8. Nxf7 Kxf7 9. Ng5+ Kf8 10. Nxe6+ Ke7 11. Nxd8+ Kxd8 12. O-O h5 13. h3 Ne5 14. Qd1 Kc7 15.
Be2 g5 16. d4 Ng6 17. Bxg5 Ne4 18. Be3 Be6 19. Bd3 Bd5 20. c4 1-0

[Event "Live Chess"]
[Site "Chess.com"]
[Date "2023.05.20"]
[Round "-"]
[White "Vitalii18a"]
[Black "Geomorph"]
[Result "0-1"]
[WhiteElo "1101"]
[BlackElo "1250"]
[TimeControl "300"]
[EndTime "13:37:24 PDT"]
[Termination "Geomorph won by checkmate"]

1. e4 e5 2. Nf3 Nc6 3. Bb5 Nf6 4. d3 d6 5. O-O Bd7 6. Re1 a6 7. Ba4 Be7 8. c3 O-O 9. d4 exd4 10. cxd4 Qc8 11. Nc3 b5 12. Bc2 Bg4 13. h3 Bd7 14. d5 Ne5 15. Nxe5 dxe5 16. f4 h6 17. fxe5 Nh7 18.
Qh5 Ng5 19. Re3 Bc5 20. h4 Bg4 21. Qxg4 Qxg4 22. hxg5 Qxg5 23. b4 Bxe3+ 24. Bxe3 Qxe3+ 25. Kh2 Qxc3 26. Bb3 Qxa1 27. d6 cxd6 28. exd6 Qe5+ 29. Kg1 Qxd6 30. Bd5 Rac8 31. a3 Rc2 32. a4 bxa4 33.
b5 axb5 34. Bb7 Qd1+ 35. Kh2 a3 36. e5 a2 37. Bf3 Qxf3 38. Kg1 a1=Q+ 39. Kh2 Qxg2# 0-1

[Event "Live Chess"]
[Site "Chess.com"]
[Date "2023.05.20"]
[Round "-"]
[White "flyingpuffins"]
[Black "Enhard"]
[Result "1-0"]
[WhiteElo "1953"]
[BlackElo "1463"]
[TimeControl "300"]
[EndTime "13:37:31 PDT"]
[Termination "flyingpuffins won on time"]

1. e4 c6 2. d4 d5 3. Nc3 Nf6 4. exd5 Nxd5 5. Nxd5 Qxd5 6. Nf3 Qd8 7. c4 Bf5 8. b3 e6 9. Bb2 Bb4+ 10. Nd2 Be7 11. Be2 O-O 12. O-O Bf6 13. Nf3 h6 14. Ne5 Nd7 15.
Ba3 Re8 16. Ng4 Bxg4 17. Bxg4 Be7 18. Bb2 Bf6 19. Bh5 Rf8 20. Qf3 b6 21. Rad1 Be7 22. d5 cxd5 23. cxd5 Bf6 24. Ba3 Be7 25. dxe6 fxe6 26. Qe4 Kh8 27. Bb2 Bf6 28. Ba3 Be7 29. Bd6 Nf6 30. Bxe7 Qxe7 31. Qe5 Nxh5 32. Qxh5 Qf6 33.
Qe2 e5 34. Rd5 Rfe8 35. Qe4 Re7 36. Re1 Rf8 37. f3 Rfe8 38. a3 a6 39. Qe2 Qc6 40.
Qe4 Qf6 41. Qc4 b5 42. Qe4 Qb6+ 43. Qe3 Qc6 44. Qe4 Qc3 45. Rd3 Qc5+ 46. Rde3 Qxa3 47.
Qg6 Qc5 48. Kf1 a5 49. Kf2 a4 50. bxa4 bxa4 51. Kg3 Qb4 52. Re4 Qc5 53. Rg4 a3 54.
Ra4 Qc3 55. Qe4 Qb3 56. Rb4 Qa2 57. Re2 Qa1 58. Rb1 Qc3 59. Re3 Qc8 60. Rxa3 Qe6 61. Ra8 Rxa8 62. Qxa8+ Kh7 63. Rb8 Qg6+ 64. Kf2 1-0

[Event "Live Chess"]
[Site "Chess.com"]
[Date "2023.05.20"]
[Round "-"]
[White "Brooms1989"]
[Black "friarnator"]
[Result "0-1"]
[WhiteElo "1018"]
[BlackElo "1979"]
[TimeControl "300"]
[EndTime "13:37:31 PDT"]
[Termination "friarnator won by checkmate"]

1. e4 Nf6 2. Nc3 e5 3. Nf3 Nc6 4. Bc4 h6 5. O-O d6 6. h3 g5 7. d3 g4 8. hxg4 Bxg4 9. Be3 Rg8 10. Nb1 Nh5 11. Nbd2 Nd4 12. Bxd4 exd4 13. c3 Bh3 14. Qa4+ c6 15. e5 Bxg2 16. Rfe1 Bxf3+ 17. Kf1 d5 18. e6 fxe6 19. Nxf3 dxc4 20. Rxe6+ Kf7 21. Qxc4 Qd5 22. Ne5+ Kxe6 23. Qxd5+ cxd5 24. cxd4 Bd6 25. Re1 Bxe5 26. Rxe5+ Kf6 27. Rxh5 Rg6 28. Rxd5 Re8 29. Rd6+ Re6 30.
Rd8 h5 31. Rf8+ Kg5 32. f4+ Kg4 33. Kg2 Re2+ 34. Kh1 Kg3 35. f5 Re1# 0-1

[Event "Live Chess"]
[Site "Chess.com"]
[Date "2023.05.20"]
[Round "-"]
[White "mightysmasher"]
[Black "YrrriKharkiv"]
[Result "0-1"]
[WhiteElo "2088"]
[BlackElo "2071"]
[TimeControl "300"]
[EndTime "13:37:36 PDT"]
[Termination "YrrriKharkiv won by checkmate"]

1. e4 e6 2. d4 d5 3. exd5 exd5 4. Nf3 Bd6 5. Bd3 Ne7 6. O-O Nd7 7. c3 O-O 8. Bxh7+ Kxh7 9. Ng5+ Kg6 10. Qg4 Nf6 11. Qe2 Rh8 12. g3 Bf5 13. h4 Qd7 14. f4 Ne4 15.
Nxe4 Bxe4 16. Nd2 Bf5 17. Nf3 f6 18. Nh2 Rae8 19. Be3 Bh3 20. Rfe1 Nf5 21. Qf2 Nxe3 22. Rxe3 Rxe3 23. Qxe3 Re8 24. Qf2 Qe6 25. Nf3 Bg4 26. Nh2 Bh3 27. Nf3 Bg4 28. Nh2 Qd7 29. Rf1 Qf5 30.
Re1 Rxe1+ 31. Qxe1 Qe6 32. Qf2 Bf5 33. Qd2 Qe4 34.
Qf2 Qb1+ 35. Kg2 Be4+ 36. Kh3 Bf5+ 37. g4 Qd3+ 38. Kg2 Be4+ 39. Kg1 Qd1+ 40. Nf1 Qxg4+ 41.
Ng3 Bxf4 42. Kh2 Qxg3+ 43. Qxg3+ Bxg3+ 44. Kxg3 Kf5 45. b3 Bc2 46. b4 Bd1 47. a3 g5 48.
hxg5 fxg5 49. Kf2 Ke4 50. Ke1 Bg4 51. Kf2 Bd7 52. Kg3 Kd3 53. Kf2 Kxc3 54. Kg3 Kxd4 55. Kf3 Kc4 56. Kg3 Kb3 57. b5 d4 58. Kf2 d3 59. Ke1 Kc2 60. b6 d2+ 61. Kf2 axb6 62. a4 d1=Q 63. a5 Qd2+ 64. Kg3 Qe3+ 65. Kg2 Bc6+ 66. Kh2 g4 67. a6 Qh3+ 68. Kg1 g3 69. axb7 Qh2+ 70. Kf1 Qf2# 0-1

[Event "Live Chess"]
[Site "Chess.com"]
[Date "2023.05.20"]
[Round "-"]
[White "LL220284LL"]
[Black "CheckThis4"]
[Result "0-1"]
[WhiteElo "2392"]
[BlackElo "2546"]
[TimeControl "300"]
[EndTime "13:37:37 PDT"]
[Termination "CheckThis4 won by resignation"]

1. c4 e5 2. g3 Nf6 3. Bg2 h6 4.
Nc3 Bb4 5. Nd5 Nxd5 6. cxd5 O-O 7. e3 d6 8. Ne2 Ba5 9. O-O Nd7 10. d4 Qe7 11. b3 e4 12. Bb2 Nf6 13. Rc1 Bf5 14.
Bc3 Bb6 15. a4 a5 16. Nf4 Rfe8 17. h3 Qd7 18. g4 Bh7 19. Bb2 g5 20. Ne2 Nxd5 21.
Ng3 Nf6 22. Qd2 d5 23. Ba3 c6 24. Rc2 Bg6 25. Rfc1 Bc7 26. Ne2 h5 27. gxh5 Bxh5 28. Ng3 Bf3 29. Bf1 Kg7 30. b4 Rh8 31. b5 Rxh3 32.
bxc6 bxc6 33. Rxc6 Bxg3 34. fxg3 Rxg3+ 35. Kf2 Rh8 36. Ke1 Rg1 37. Rc7 Rxf1+ 38. Kxf1 Qh3+ 0-1

[Event "Live Chess"]
[Site "Chess.com"]
[Date "2023.05.20"]
[Round "-"]
[White "Pandreq"]
[Black "Stanbad1"]
[Result "0-1"]
[WhiteElo "1276"]
[BlackElo "2422"]
[TimeControl "300"]
[EndTime "13:37:43 PDT"]
[Termination "Stanbad1 won by checkmate"]

1. d4 e6 2. c4 d5 3. Nc3 Nf6 4. cxd5 exd5 5. Bg5 Nbd7 6. e3 c6 7. Nf3 Be7 8. Bd3 Qb6 9. b3 Bb4 10. Qc2 Qa5 11. Rc1 h6 12. Bh4 O-O 13. O-O Bxc3 14. Qxc3 Qxc3 15. Rxc3 Re8 16. Re1 Ne4 17. Rc2 f5 18. Nd2 Ndf6 19. Bxf6 Nxf6 20. Nf3 Ne4 21. Ne5 Be6 22. f3 Nd6 23. e4 fxe4 24. fxe4 dxe4 25. Bxe4 Nxe4 26. Rxe4 Bf5 27. Rce2 Bxe4 28. Rxe4 Rad8 29. Rg4 c5 30. Nf3 cxd4 31. Rxd4 Rxd4 32. Nxd4 Re1+ 33. Kf2 Ra1 34. a4 Rd1 35. Ke3 Kf7 36. g4 Kf6 37. h4 Rh1 38. Nf3 g5 39. hxg5+ hxg5 40. Ke4 Rh3 41. Nd4 Rg3 42. Nb5 Rxg4+ 43.
Kf3 Rb4 44. Nxa7 Rxb3+ 45. Kg4 Rb4+ 46. Kh5 Rh4# 0-1

[Event "Live Chess"]
[Site "Chess.com"]
[Date "2023.05.20"]
[Round "-"]
[White "SavagePawn7"]
[Black "BostonStrangler"]
[Result "0-1"]
[WhiteElo "795"]
[BlackElo "2052"]
[TimeControl "300"]
[EndTime "13:37:43 PDT"]
[Termination "BostonStrangler won by resignation"]

1. e4 c5 2. d4 cxd4 3. c3 d3 4. Bxd3 Nc6 5. Nf3 g6 6. O-O Bg7 7. Be3 d6 8. Bb5 Nf6 9. e5 dxe5 10.
Qxd8+ Kxd8 11. Rd1+ Kc7 12. Bxc6 bxc6 13. Nxe5 Be6 14.
Nd2 Nd5 15. Ndf3 Nxe3 16. fxe3 Rhd8 17. Rxd8 Rxd8 18. b4 Bxe5 19. Nxe5 Rd2 20. Nc4 Bxc4 21. Rf1 Bxf1 0-1

[Event "Live Chess"]
[Site "Chess.com"]
[Date "2023.05.20"]
[Round "-"]
[White "gmnorfolk"]
[Black "SupremeTactician"]
[Result "0-1"]
[WhiteElo "2079"]
[BlackElo "2373"]
[TimeControl "300"]
[EndTime "13:37:44 PDT"]
[Termination "SupremeTactician won by resignation"]

1. d4 Nf6 2. c4 e6 3. Nc3 Bb4 4. e3 O-O 5. Bd3 d5 6. Nf3 dxc4 7.
Bxc4 a6 8. O-O b5 9. Bd3 Bb7 10. Re1 Nbd7 11. e4 Bxc3 12. bxc3 h6 13. Qe2 Nb6 14. e5 Ne8 15. Bc2 Rb8 16. Nd2 Nd5 17. Qd3 g6 18. Ne4 Kh7 19. Qh3 h5 20. g4 Ng7 21. Bg5 Qd7 22. Nf6+ Nxf6 23. exf6 Qd5 24. Be4 Qxg5 25. fxg7 Kxg7 26. Bxb7 Rxb7 27. Qg2 Qxg4 28.
Qxg4 hxg4 29. Re4 c5 30. Rxg4 cxd4 31. Rxd4 Rc8 32. Rd3 Rbc7 33. Rc1 b4 34. c4 Rxc4 35. Rxc4 Rxc4 36. Rd6 a5 37. Ra6 Rc5 0-1

[Event "Live Chess"]
[Site "Chess.com"]
[Date "2023.05.20"]
[Round "-"]
[White "matt1979"]
[Black "manthanit"]
[Result "1-0"]
[WhiteElo "1476"]
[BlackElo "1007"]
[TimeControl "300"]
[EndTime "13:37:52 PDT"]
[Termination "matt1979 won by resignation"]

1. f4 Nh6 2. Nf3 Nc6 3. e3 g6 4. Bb5 Bg7 5. Bxc6 dxc6 6. O-O O-O 7. d3 b6 8. e4 Bb7 9. Nc3 c5 10. Qe1 e6 11. Qg3 Ba6 12. Qh3 f5 13. Ng5 Qe7 14.
Rf3 c4 15. Ne2 cxd3 16. cxd3 Rad8 17. Rb1 Bxd3 18. Rxd3 Rxd3 19. Qxd3 c5 20. Bd2 fxe4 21.
Nxe4 Ng4 22. Bc3 Qh4 23. Qg3 Qxg3 24. N2xg3 Rd8 25. Bxg7 Kxg7 26. h3 Ne3 27. Kf2 Nc2 28. Rc1 Nd4 29. Ne2 h6 30. Nxd4 Rxd4 31. Ke3 g5 32. g3 e5 33. f5 h5 34. g4 hxg4 35.
hxg4 Rd8 36. Rc2 Kf7 37. Rd2 Ke7 38. Rxd8 Kxd8 1-0

[Event "Live Chess"]
[Site "Chess.com"]
[Date "2023.05.20"]
[Round "-"]
[White "Missedidea"]
[Black "xx_blindpuffin_xx"]
[Result "0-1"]
[WhiteElo "1801"]
[BlackElo "2196"]
[TimeControl "300"]
[EndTime "13:38:02 PDT"]
[Termination "xx_blindpuffin_xx won on time"]

1. d4 d5 2. c4 e6 3. Nc3 c6 4. Nf3 dxc4 5. a4 Bb4 6. e4 b5 7. Bd2 Nf6 8. Qc2 Bb7 9. e5 Nd5 10. Be2 Bxc3 11. bxc3 Nd7 12. O-O O-O 13. Ng5 g6 14.
Ne4 f5 15. Nd6 Qb6 16. Rfb1 a6 17. Bxc4 Qc7 18. Bb3 N7b6 19. a5 Nc8 20. Nxc8 Raxc8 21. c4 Ne7 22. cxb5 Nd5 23. b6 Qf7 24. f4 Rfd8 25. Rc1 g5 26. Bxd5 cxd5 27. Qd3 gxf4 28. Bxf4 Kh8 29.
Rc5 Rxc5 30. dxc5 d4 31. Bg5 Rd5 32. Bf6+ Kg8 33. Rc1 Bc6 34. Qxa6 Bb7 35. Qd3 Bc6 36. a6 Qf8 37. b7 Rd7 38. Qb3 Bd5 39. b8=Q Bxb3 40.
Qxb3 d3 41. Qxe6+ Rf7 0-1

[Event "Live Chess"]
[Site "Chess.com"]
[Date "2023.05.20"]
[Round "-"]
[White "ExIsambard"]
[Black "Tema1107"]
[Result "1-0"]
[WhiteElo "1988"]
[BlackElo "1962"]
[TimeControl "300"]
[EndTime "13:38:02 PDT"]
[Termination "ExIsambard won by resignation"]

1. d4 d5 2. Bg5 Nf6 3. e3 e6 4. Bd3 c5 5. c3 Nc6 6. Nf3 Be7 7. Nbd2 O-O 8. h4 b6 9. Qe2 Bb7 10. O-O-O Rc8 11. Kb1 c4 12. Bc2 b5 13. Bxf6 Bxf6 14.
Ng5 h6 15. Nh7 Re8 16. Nxf6+ Qxf6 17. g4 g6 18. g5 hxg5 19. hxg5 Qxg5 20. f4 Qf6 21.
Rdg1 Kf8 22. Nf3 b4 23. Ng5 Ke7 24. Rh7 Rf8 25. Nf3 Kd8 26. Bxg6 Rb8 27. Bc2 Bc8 28. Ka1 Qe7 29. Ba4 bxc3 30. Rb1 cxb2+ 31. Rxb2 Rxb2 32. Qxb2 Nb4 33. Ne5 Qc7 34. Qxb4 1-0

[Event "Live Chess"]
[Site "Chess.com"]
[Date "2023.05.20"]
[Round "-"]
[White "Tushinskiy"]
[Black "wadsy27"]
[Result "1-0"]
[WhiteElo "2121"]
[BlackElo "2539"]
[TimeControl "300"]
[EndTime "13:38:11 PDT"]
[Termination "Tushinskiy won on time"]

1. d4 d5 2. c3 Nf6 3. Nf3 c6 4. Bf4 Nh5 5. Bg3 Qb6 6. Qc1 Nxg3 7. hxg3 Bf5 8. Nbd2 h6 9. e3 Nd7 10. Be2 e6 11.
O-O Bd6 12. b4 a5 13. a3 a4 14. c4 dxc4 15. Nxc4 Qc7 16. Re1 Nf6 17. Bf1 O-O 18.
Qb2 Be4 19. Rac1 b5 20. Ncd2 Qd7 21. Nxe4 Nxe4 22. Bd3 Nf6 23. Rc2 Rac8 24. Rec1 Nd5 25. Be4 f5 26. Bxd5 cxd5 27. Rc3 Rc4 28. Rxc4 dxc4 29. Qc2 Qb7 30. Rd1 Qd5 31. Nh4 Rf6 32. Nf3 g5 33. Re1 Kg7 34. e4 fxe4 35. Rxe4 Qf5 36.
Qe2 h5 37. Ne5 g4 38. Nd3 Qd5 39. Nc5 Bxc5 40. bxc5 Kf7 41. Kh2 Rf5 42. Qc2 c3 43.
Re3 Qxd4 44. Rxc3 Rxf2 45. Qh7+ Ke8 46. Qg6+ Ke7 47. Rd3 Qb2 48. Qh7+ Rf7 49. Qe4 b4 50.
c6 bxa3 51. c7 Qc1 52. Qb4+ Kf6 53. Rc3 Rxc7 54. Rxc1 Rxc1 55. Qf4+ Kg6 56. Qxc1 1-0

[Event "Live Chess"]
[Site "Chess.com"]
[Date "2023.05.20"]
[Round "-"]
[White "JohanKjeldahl"]
[Black "HoarseyHorsey"]
[Result "1-0"]
[WhiteElo "1846"]
[BlackElo "1402"]
[TimeControl "300"]
[EndTime "13:38:16 PDT"]
[Termination "JohanKjeldahl won by resignation"]

1. e4 c5 2. Nf3 e6 3. d4 cxd4 4. Nxd4 Nf6 5. Nc3 Nc6 6. Be3 Bb4 7. f3 d5 8. exd5 exd5 9. Bb5 Bd7 10. O-O Bxc3 11. bxc3 O-O 12. Rb1 Re8 13. Bf2 Ne7 14. Bd3 Nc6 15. Rxb7 Rb8 16. Rxb8 Qxb8 17. Qb1 a5 18.
Qb5 Ne7 19. Qxa5 Qb2 20. Re1 Kf8 21. Bg3 g6 22. Bd6 Qb7 23. Qb4 Qxb4 24. cxb4 Nh5 25. b5 Ng7 26. b6 Ne6 27. Nxe6+ fxe6 28. b7 Kf7 29. b8=Q Nc6 30. Qc7 1-0

[Event "Live Chess"]
[Site "Chess.com"]
[Date "2023.05.20"]
[Round "-"]
[White "AbilifyXL"]
[Black "TheSmoulderingMaster"]
[Result "1-0"]
[WhiteElo "1951"]
[BlackElo "1730"]
[TimeControl "300"]
[EndTime "13:38:18 PDT"]
[Termination "AbilifyXL won by resignation"]

1. d4 Nf6 2. c4 d6 3. Nc3 g6 4. e4 Bg7 5. Be2 O-O 6. Bg5 c6 7. Qd2 Qa5 8. Nf3 Bg4 9. O-O a6 10. Bh6 b5 11. Bxg7 Kxg7 12. e5 dxe5 13. dxe5 Nh5 14.
h3 b4 15. Ne4 Bxf3 16. Bxf3 Qxe5 17. Qxb4 Nf4 18. Qd2 a5 19. Rfe1 Qf5 20. Ng3 Qg5 21. Qd4+ Kg8 22. Re4 Ne6 23. Qc3 Na6 24. Rae1 Nac5 25.
Re5 Qf6 26. Ne4 Nxe4 27. Bxe4 Rfd8 28. Bxc6 Rac8 29. Bd5 Rc5 30. Bxe6 Rxe5 31. Bxf7+ Kxf7 32. Qxe5 Qxe5 33. Rxe5 Rd2 34. Rb5 Rc2 35. c5 a4 36.
a3 Ke6 37. Kf1 Kd5 38. Rb7 Kxc5 39. Rc7+ 1-0

[Event "Live Chess"]
[Site "Chess.com"]
[Date "2023.05.20"]
[Round "-"]
[White "EdvancedChess"]
[Black "FailsGambits"]
[Result "1-0"]
[WhiteElo "1903"]
[BlackElo "1319"]
[TimeControl "300"]
[EndTime "13:38:29 PDT"]
[Termination "EdvancedChess won on time"]

1. e4 e5 2. Nf3 Nc6 3. Bb5 a6 4. Ba4 Nf6 5. O-O Be7 6. Re1 O-O 7. Bxc6 dxc6 8. Nxe5 Re8 9. Nc3 Bd6 10. Nf3 Bg4 11. d3 h6 12. h3 Bxf3 13. Qxf3 Bb4 14. Be3 Qe7 15. a3 Bxc3 16. bxc3 Nd7 17. Qg4 Nf6 18.
Qg3 Kh7 19. f4 Nd7 20. f5 Qe5 21. Bf4 Qxc3 22. Bxc7 Qxc2 23. e5 Qc5+ 24. Kh1 Qf8 25. e6 fxe6 26. fxe6 Nc5 27. Bd6 Qf5 28. Re5 Qxd3 29.
Re3 Ne4 30. Rxd3 Nxg3+ 31. Bxg3 Rxe6 32. Rb1 b5 33. Rc3 Rd8 34. Rbc1 Rc8 35. Kh2 Rf6 36. Rd1 Rf7 37. Rd6 1-0

[Event "Live Chess"]
[Site "Chess.com"]
[Date "2023.05.20"]
[Round "-"]
[White "stevochess11"]
[Black "blunderabit"]
[Result "1-0"]
[WhiteElo "1797"]
[BlackElo "1843"]
[TimeControl "300"]
[EndTime "13:38:30 PDT"]
[Termination "stevochess11 won on time"]

1. d4 Nf6 2. Nf3 e6 3. e3 d5 4. Bd3 Bd6 5. b3 c5 6. Bb2 b6 7. O-O O-O 8. Nbd2 Bb7 9. Ne5 Nc6 10. a3 Qc7 11. f4 Ne7 12. g4 Ne4 13. g5 Nf5 14.
Rf3 f6 15. gxf6 gxf6 16. Ng4 Qg7 17. Rh3 Nxe3 18. Rxe3 h5 19. Nxe4 dxe4 20. Bc4 Qxg4+ 21. Qxg4+ hxg4 22. Bxe6+ Kh7 23. Bf5+ Kg7 24. Bxg4 Bxf4 25.
Rh3 1-0

[Event "Live Chess"]
[Site "Chess.com"]
[Date "2023.05.20"]
[Round "-"]
[White "OceanFloater"]
[Black "therealab0ne"]
[Result "1-0"]
[WhiteElo "1007"]
[BlackElo "702"]
[TimeControl "300"]
[EndTime "13:38:33 PDT"]
[Termination "OceanFloater won by resignation"]

1. e4 c5 2. Nf3 Nc6 3. a3 Nf6 4. Nc3 g6 5. b4 cxb4 6. axb4 Nxb4 7.
Ba3 a5 8. e5 Nfd5 9. Nxd5 Nxd5 10. Bc4 e6 11. Bxf8 Rxf8 12. O-O d6 13. Re1 dxe5 14.
Rxe5 f6 15. Re2 Kf7 16. Nd4 Kg8 17. Nxe6 Bxe6 18. Rxe6 Nf4 19. Rd6+ Kg7 20. Rxd8 Rfxd8 21. Qf3 Rxd2 22. Qxb7+ Kh6 23. Qxa8 g5 24. Qf8+ Kh5 25. Qf7+ Ng6 26. Qxh7+ Kg4 27. Be6+ Kf4 28. Qxg6 1-0

[Event "Live Chess"]
[Site "Chess.com"]
[Date "2023.05.20"]
[Round "-"]
[White "nigelst"]
[Black "KeithArkell"]
[Result "0-1"]
[WhiteElo "1832"]
[BlackElo "2615"]
[TimeControl "300"]
[EndTime "13:38:33 PDT"]
[Termination "KeithArkell won by resignation"]

1. e4 c6 2. d4 d5 3. exd5 cxd5 4. Bd3 Nf6 5. c3 Nc6 6. Bf4 Bg4 7. Qb3 Qd7 8. Nd2 e6 9. Ngf3 Bd6 10. Bxd6 Qxd6 11. O-O O-O 12. Rfe1 Bxf3 13. Nxf3 Qc7 14. Rac1 Rab8 15.
Ne5 Nxe5 16. Rxe5 g6 17. Rg5 b5 18. a3 Qf4 0-1